 Dungeon Crawl Stone Soup version 0.29-a0-451-gfbfa42419e (webtiles) character file.

Game seed: 14398696784304226021

181 Impy the Shooter (level 5, -2/41 HPs)
             Began as a Demonspawn Hunter on May 19, 2022.
             Slain by Duvessa
             ... wielding a +0 rapier
              (9 damage)
             ... on level 4 of the Dungeon.
             The game lasted 00:06:00 (3326 turns).

Impy the Shooter (Demonspawn Hunter)                Turns: 3326, Time: 00:06:01

Health: -2/41      AC:  3    Str:  9    XL:     5   Next: 34%
Magic:  5/5        EV: 13    Int: 10    God:
Gold:   133        SH:  0    Dex: 21    Spells: 4/4 levels left

rFire   . . .      SeeInvis .   a - +1 shortbow
rCold   . . .      Faith    .   (shield currently unavailable)
rNeg    . . .      Spirit   .   b - +0 leather armour
rPois   .          Reflect  .   (no helmet)
rElec   .          Harm     .   (no cloak)
rCorr   .          Rampage  .   (no gloves)
Will    .....                   (no boots)
Stlth   +++.......              d - amulet of magic regeneration
HPRegen 0.13/turn               (no ring)
MPRegen 0.49/turn               (no ring)

@: mighty, hasted, very quick
A: demonic guardian 1, thin skeletal structure 1, weak 1, subdued magic 1,
devolution 1
a: no special abilities


You were on level 4 of the Dungeon.
You visited 1 branch of the dungeon, and saw 4 of its levels.

You collected 133 gold pieces.

Inventory:

Hand Weapons
 a - a +1 shortbow (weapon)
 f - a +0 whip of electrocution
Armour
 b - a +0 leather armour (worn)
Jewellery
 d - an amulet of magic regeneration (around neck)
 g - a +6 ring of intelligence
 l - a ring of flight
Scrolls
 c - 2 scrolls of immolation
 e - 2 scrolls of vulnerability
 h - a scroll of enchant armour {unknown}
 i - a scroll of fog


   Skills:
 + Level 3.5 Fighting
 + Level 4.5 Bows
 + Level 3.2 Dodging
 - Level 0.8 Stealth


You had 4 spell levels left.
You didn't know any spells.
Your spell library contained the following spells:

 Spells                   Type           Power      Damage    Failure   Level
 Summon Small Mammal      Summ           0%         N/A       43%         1
 Ensorcelled Hibernation  Hex/Ice        0%         N/A       58%         2
 Passwall                 Tmut/Erth      0%         N/A       58%         2
 Call Canine Familiar     Summ           0%         N/A       82%         3
 Ignite Poison            Fire/Tmut/Pois 0%         N/A       82%         3
 Summon Guardian Golem    Hex/Summ       0%         N/A       82%         3
 Swiftness                Air            0%         N/A       82%         3
 Summon Ice Beast         Ice/Summ       0%         N/A       99%         4
 Malign Gateway           Summ/Tloc      0%         N/A       100%        7
 Summon Horrible Things   Summ           0%         N/A       100%        8
 Polar Vortex             Ice            0%         N/A       100%        9


Dungeon Overview and Level Annotations

Branches:
Dungeon (4/15)
 Temple: D:4-7

Altars:
Dithmenos
Hepliaklqana

Annotations:
D:4 Dowan, Duvessa


Innate Abilities, Weirdness & Mutations

A weak demonic guardian rushes to your aid.
You have a somewhat thin skeletal structure. (Dex +2, Stealth+)
You are weak. (Str -2)
Your spells are a little easier to cast, but a little less powerful.
You have hidden genetic defects.


Message History

You shoot an arrow. The arrow hits Duvessa.
Duvessa is heavily wounded.
Unknown command.
You feel very mighty all of a sudden. Duvessa hits you but does no damage.
Shoot: a) +1 shortbow
Press: ? - help, Shift-Dir - straight line, f/p - Duvessa
Aim: Duvessa, wielding a +0 rapier and wearing a +0 ring mail (heavily wounded, 72% to hit)
You shoot an arrow. The arrow barely misses Duvessa.
The arrow hits the iguana but does no damage.
The iguana is heavily wounded.
Duvessa hits you with a +0 rapier.
Shoot: a) +1 shortbow
Press: ? - help, Shift-Dir - straight line, f/p - Duvessa
Aim: Duvessa, wielding a +0 rapier and wearing a +0 ring mail (heavily wounded, 72% to hit)
You shoot an arrow. The arrow hits Duvessa.
Duvessa is heavily wounded.
Duvessa hits you with a +0 rapier!
* * * LOW HITPOINT WARNING * * *
A demonic guardian appears!
Shoot: a) +1 shortbow
Press: ? - help, Shift-Dir - straight line, f/p - Duvessa
Aim: Duvessa, wielding a +0 rapier and wearing a +0 ring mail (heavily wounded, ally target, 72% to hit)
You shoot an arrow. The arrow hits Duvessa.
Duvessa is severely wounded.
Duvessa closely misses you.
Shoot: a) +1 shortbow
Press: ? - help, Shift-Dir - straight line, f/p - Duvessa
Aim: Duvessa, wielding a +0 rapier and wearing a +0 ring mail (severely wounded, ally target, 72% to hit)
You shoot an arrow.
The arrow hits Duvessa but does no damage.
Duvessa is severely wounded.
Duvessa completely misses you.
Shoot: a) +1 shortbow
Press: ? - help, Shift-Dir - straight line, f/p - Duvessa
Aim: Duvessa, wielding a +0 rapier and wearing a +0 ring mail (severely wounded, ally target, 72% to hit)
You shoot an arrow. The arrow hits Duvessa!
Duvessa is almost dead.
Duvessa hits you with a +0 rapier!
You die...

##### ####
...........##.>#
............#..#
...............#
...............#
...............##
...............5#######...
...............#@el.e.....
#...........)..####.......
##>..)........## .......
..#...........# e......
####..........# $./....
###.......## #......
###.....# ###... ###.###
#.# ###


You could see Duvessa (ally target), Dowan, an iguana and a friendly iron imp
(summoned).

Vanquished Creatures
  An orc priest (D:4)
  Natasha (thrice) (D:2)
  3 adders
  2 worms (D:2)
  A dart slug (D:1)
  2 orcs (D:4)
  6 ball pythons
  6 endoplasms
  2 hobgoblins (D:1)
  5 kobolds
  3 quokkas
  3 bats (D:1)
  3 rats
40 creatures vanquished.

Vanquished Creatures (collateral kills)
  A dart slug (D:2)
1 creature vanquished.

Grand Total: 41 creatures vanquished

Notes
Turn   | Place    | Note
-------+----------+-------------------------------------------
     0 | D:1      | Impy the Demonspawn Hunter began the quest for the Orb.
     0 | D:1      | Reached XP level 1. HP: 16/16 MP: 1/1
   201 | D:1      | Found a faded altar of an unknown god.
   296 | D:1      | Gained mutation: A weak demonic guardian rushes to your
                  | aid. [demonic ancestry]
   296 | D:1      | Reached XP level 2. HP: 22/22 MP: 2/2
   380 | D:1      | Got the Incunabulum of the Frostbite and Poisoning
   704 | D:2      | Noticed Natasha
   931 | D:2      | Reached XP level 3. HP: 23/28 MP: 3/3
   951 | D:2      | Killed Natasha
   952 | D:2      | Reached skill level 4 in Bows
  1019 | D:2      | Noticed Natasha
  1029 | D:2      | Killed Natasha
  1030 | D:2      | Reached XP level 4. HP: 14/35 MP: 4/4
  1863 | D:2      | Noticed Natasha
  1874 | D:2      | Killed Natasha
  2242 | D:3      | Gained mutation: Your spells are a little easier to cast,
                  | but a little less powerful. [potion of mutation]
  2242 | D:3      | Gained mutation: You have a somewhat thin skeletal
                  | structure. (Dex +2, Stealth+) [potion of mutation]
  2242 | D:3      | Gained mutation: You have hidden genetic defects. [potion
                  | of mutation]
  2285 | D:3      | Noticed an ogre
  2289 | D:3      | HP: 1/35 [ogre/+0 giant spiked club (34)]
  2826 | D:3      | Reached XP level 5. HP: 41/41 MP: 5/5
  2929 | D:3      | Noticed a shadow
  2933 | D:3      | Found a shadowy altar of Dithmenos.
  2934 | D:3      | Found a hazy altar of Hepliaklqana.
  3145 | D:4      | Gained mutation: You are weak. (Str -2) [hidden defects]
  3309 | D:4      | Noticed Duvessa
  3309 | D:4      | Noticed Dowan
  3326 | D:4      | Slain by Duvessa

Illustrated notes

Levels and vault maps discovered:
D:1:      dpeg_arrival_arbitrary_a, layout_loops_ring, basic_ecumenical_altar,
          minmay_tree_intersection
D:2:      layout_basic, grunt_ministairs_10, uniq_natasha
D:3:      layout_basic, riverfiend_overflow_shadow_ancestor,
          lemuel_another_geyser
D:4:      layout_cave_pods, cheibriados_altar_1, mainiacjoe_overflow_alcove_2,
          serial_shops, shop, uniq_duvessa

Skill      XL: |  1  2  3  4 |
---------------+-------------+-----
Dodging        | 2 3 |  3.2
Bows           | 4 |  4.5
Fighting       | 3 |  3.5
Stealth        | |  0.8

Action                   |  1- 3 |  4- 6 || total
-------------------------+-------+-------++-------
 Fire: Shortbow          |    59 |    86 ||   145
  Use: Scroll            |     3 |     1 ||     4
       Potion            |     3 |     8 ||    11
Armor: Leather armour    |     6 |     5 ||    11
Dodge: Dodged            |    17 |    20 ||    37

Table legend: (Time is in decaauts)
 A = Elapsed time spent in this place.
 B = Non-inter-level travel time spent in this place.
 C = Inter-level travel time spent in this place.
 D = Time resting spent in this place.
 E = Time spent auto-exploring this place.
 F = Levels seen in this place.
 G = Mean time per level.
                   A        B        C        D        E       F      G
               +--------+--------+--------+--------+--------+-----+--------+
         Total |   3363 |   3239 |    124 |      1 |   2852 |   4 |  840.8 |
       Dungeon |   3363 |   3239 |    124 |      1 |   2852 |   4 |  840.8 |
               +--------+--------+--------+--------+--------+-----+--------+

Top non-repeatable levels by time:
     D:2: 1276 daAuts
     D:1: 936 daAuts
     D:3: 893 daAuts
     D:4: 257 daAuts
